 Dungeon Crawl Stone Soup version 0.31-a0-277-g31ea1f65cc (webtiles) character file.

Game seed: 12377148546501434965

505065 Midn8 the Slayer (level 24, 0/357 (370) HPs)
             Began as a Black Draconian Berserker on July 14, 2023.
             Was the Champion of Trog.
             Killed by divine providence
             ... invoked by a royal mummy
              (13 damage)
             ... on level 2 of the Tomb of the Ancients on July 15, 2023.
             The game lasted 03:08:28 (47780 turns).

Midn8 the Slayer (Black Draconian Berserker)       Turns: 47780, Time: 03:08:29

HP:   0/357 (370)   AC: 32    Str: 19      XL:     24   Next: 14%
MP:   23/23         EV:  2    Int: 10 (12) God:    Trog [******]
Gold: 5697          SH:  0    Dex: 25      Spells: 23/23 levels left

rFire   . .          .
                       - Unarmed
rCold   . . .        W - orb {light}
rNeg    + . .        (body armour unavailable)
rPois   +            e - melded +2 hat of the Lair of Beasts {Rampage rElec}
rElec   .            r - melded +2 cloak
rCorr   .            t - melded +2 pair of gloves
SInv    .            u - melded +0 pair of boots
Will    +++..        n - amulet of regeneration
Stlth   +            j - ring of positive energy
HPRegen 2.59/turn    l - ring "Tomag" {EV+5 Dex+6}
MPRegen 0.18/turn

%: no passive effects
@: mighty, tree-form (expiring), strong-willed, regenerating, slowed, glowing,
studying Fighting, lightly drained, very slow
A: stationary, stasis, torment immunity, boosted hp, (breathe lightning), AC
+12, unfitting armour, (big wings), (electricity resistance), (cold-blooded),
clever 1, clumsy 1, deterioration 1, noise suppression
}: 2/15 runes: decaying, gossamer
a: Renounce Religion, Berserk, Trog's Hand, Brothers in Arms


You were on level 2 of the Tomb of the Ancients.
You worshipped Trog.
Trog was exalted by your worship.
You were a tree.
You visited 10 branches of the dungeon, and saw 46 of its levels.
You visited the Abyss 1 time.

You collected 5832 gold pieces.
You spent 135 gold pieces at shops.

Inventory:

Hand Weapons
 a - a +1 falchion of protection
Missiles
 m - 11 atropa-tipped darts
 p - 58 poisoned darts
 q - 18 curare-tipped darts
 s - 17 boomerangs (quivered)
 w - 3 boomerangs of dispersal
 C - a throwing net
 D - 16 javelins
Armour
 e - the +2 hat of the Lair of Beasts (melded) {Rampage rElec}
   (You acquired it on level 8 of the Dungeon)

   rElec:     It insulates you from electricity.
   Rampage:   It bestows one free step when moving towards enemies.
 r - a +2 cloak (melded)
 t - a +2 pair of gloves (melded)
 u - a +0 pair of boots (melded)
 W - an orb of light (worn)
Jewellery
 j - a ring of positive energy (left branch)
 k - a +4 ring of protection
 l - the ring "Tomag" (right branch) {EV+5 Dex+6}
   (You found it on level 4 of the Spider Nest)

   [ring of evasion]

   EV:        It affects your evasion (+5).
   Dex:       It affects your dexterity (+6).
 n - an amulet of regeneration (around neck)
 H - a ring of willpower
 O - a ring of protection from cold
Talismans
 J - a granite talisman
Wands
 h - a wand of mindburst (55)
 x - a wand of digging (14)
 E - a wand of roots (32)
 N - a wand of polymorph (29)
 P - a wand of paralysis (55)
 Q - a wand of light (9)
 T - a wand of flame (120)
Scrolls
 b - 16 scrolls of teleportation
 d - 5 scrolls of blinking
 v - 9 scrolls of fog
 y - 6 scrolls of revelation
 A - 2 scrolls of summoning
 I - 2 scrolls of immolation
 M - 4 scrolls of fear
 R - 4 scrolls of torment
 S - 44 scrolls of identify
 Y - 3 scrolls of poison
Potions
 c - 22 potions of curing
 f - 6 potions of enlightenment
 g - 5 potions of mutation
 i - 5 potions of invisibility
 o - 3 potions of cancellation
 z - 9 potions of resistance
 B - 4 potions of lignification
 F - 6 potions of might
 G - 6 potions of heal wounds
 K - 7 potions of ambrosia
 U - 6 potions of magic
 Z - 6 potions of haste
Miscellaneous
 L - a box of beasts
 V - a phial of floods
 X - a condenser vane (inert)


   Skills:
 + Level 26.4 Fighting
 - Level 3.5 Long Blades
 - Level 16.0 Throwing
 - Level 16.0 Dodging
 - Level 25.3 Unarmed Combat
 - Level 10.0 Evocations
 - Level 15.0 Shapeshifting


You had 23 spell levels left.
You didn't know any spells.
Your spell library contained the following spells:

 Spells                   Type           Power      Damage    Failure   Level
 Ozocubu's Armour         Ice            0%         N/A       75%         3
 Metabolic Englaciation   Hex/Ice        0%         N/A       100%        5
 Simulacrum               Ice/Necr       0%         N/A       100%        6


Dungeon Overview and Level Annotations

Branches:
Dungeon (15/15)            Temple (0/1) D:4            Lair (5/5) D:11
  Swamp (4/4) Lair:2       Spider (4/4) Lair:2        Slime (0/5) Lair:4
    Orc (2/2) D:12            Elf (3/3) Orc:2        Vaults (4/5) D:13
  Crypt (3/3) Vaults:3       Tomb (2/3) Crypt:3      Depths (4/4) D:15
    Zot (0/5) Depths:4

Altars:
Ashenzari
Cheibriados
Hepliaklqana
Makhleb
Nemelex Xobeh
Okawaru
Ru
Trog
Uskayaw
Wu Jian
Xom
Yredelemnul
The Shining One
Jiyva

Shops:
D:8 =   D:13 *   Orc:2 [(*!   Vaults:3 [   Depths:3 (   Depths:4 [[:

Portals:
Hell: Depths:1 Depths:2 Depths:3 Depths:4
Abyss: Depths:2 Depths:3 Depths:4
Pandemonium: Depths:2 Depths:4
Ziggurat: Depths:4

Annotations:
D:4 1 runed translucent door, Nietzsche's ghost, amateur DsGl
Lair:3 exclusion: oklob plant
Spider:3 1 exclusion
Orc:2 2 transporters, AwFulAwFulPlayer's ghost, journeyman TrMo
Elf:2 3 runed translucent doors
Vaults:1 2 transporters, exclusion: orange crystal statue
Vaults:2 1 exclusion
Depths:2 1 runed translucent door, Ahineos's ghost, veteran OpSh
Depths:3 1 exclusion


Innate Abilities, Weirdness & Mutations

You are a tree.
Your roots penetrate the ground, keeping you stationary.
You cannot be teleported.
You are immune to unholy pain and torment.
Your maximum health is greatly increased.
Your equipment is partially melded.
((You can breathe wild blasts of lightning.))
((Your glossy black scales are hard. (AC +12)))
You cannot fit into any form of body armour.
You are immune to poison.
((Your large and strong wings let you fly.))
((You are resistant to electric shocks. (rElec)))
((You are cold-blooded and may be slowed by cold attacks.))
Your mind is acute. (Int +4, Str/Dex -1)
You are clumsy. (Dex -2)
Your body sometimes deteriorates upon taking damage.
You passively dampen the noise of your surroundings.


Message History

Your mummy dissolves into shadows!
The death scarab bites you!
* * * LOW HITPOINT WARNING * * *
The death scarab draws strength from your injuries!
The royal mummy gestures at you while chanting.
Something smites you!
* * * LOW HITPOINT WARNING * * *
Your guardian mummy hits the royal mummy!
The ushabti hits your guardian mummy!
A guardian mummy comes into view.
The royal mummy hits you but does no damage.
The royal mummy hits you.
* * * LOW HITPOINT WARNING * * *
A royal mummy comes into view.
Unknown command.
Aiming: Fastroot
Press: ? - help, Shift-Dir - straight line, f - death scarab
Aim: a death scarab (black smoke, summoned, haloed)
The roots erupt in riotous growth!
Roots grab the death scarab. x2; Roots grab the royal mummy. x2
Roots grab the guardian mummy.
Roots grab the ushabti.
The grasping roots constrict the royal mummy.
The grasping roots constrict the royal mummy!
The grasping roots constrict the guardian mummy.
You destroy the guardian mummy!
Trog accepts your kill.
The grasping roots constrict the ushabti.
The grasping roots constrict the death scarab!
The grasping roots constrict the death scarab.
You feel extremely nervous for a moment...
You feel weird for a moment. The death scarab barely misses you.
The death scarab struggles to escape constriction.
Your guardian mummy hits the royal mummy!!
The death scarab bites you but does no damage.
The ushabti hits your guardian mummy!!
Your guardian mummy is destroyed!
Your guardian mummy dissolves into shadows!
The royal mummy casts a spell at you. Something smites you!
You die...

,,,^*,,,,^,,,*,,^,,,,,,,*,,,,,,*,
^,,,*,^,^,^,,*,,,,<^,,^,*,,,,,,+,
,*******************************+
,*,,,,,,,,,,,,,,,,,,,,,,^,,,,,,*^
,*,,,,,,,,,,,,,,,,,,,,,,,,,,,,,*^
^*,,,,,,*###,,,,,,,,,###*,<,,,,*,
,*,,,,,,,../###B..###...,,,,,,,*,
,*,,,,,,,.....B###....$.,,,,,,,*,
**,,,,,,,....§##♣##§....,,,,,,,*,
,*,,,,,,,...##BMBM.##...,,^,,,,*,
,*,,,,,^,..#.§BBB9M.^#..,,,,,,,*,
,+,,,,,,,.#.....§§§...#.,,,,,,,*,
,*,,,,,,,#.....§§§§..$.#,,,,,,,*,
,*,^,,,^,#.?.M.§§§.....#,,,,^,^**
,*,,,,,,,#.....§§§.....#,,,,,,,*,
**,,,,,,,.#....?......#.,,,,,,,*,
,*,,,,,,,..#....z....#..,,,,,,,+,


You could see 3 royal mummies, a guardian mummy, an ushabti (catching breath,
rooted) and 5 death scarabs.

Vanquished Creatures
  Mara (Swamp:3)
  2 juggernauts
  2 royal mummies (Tomb:1)
  Frederick (Vaults:3)
  Xtahua (Vaults:4)
  Jory (Vaults:3)
  A bone dragon (Crypt:3)
  A profane servitor (Crypt:3)
  3 doom hounds (Depths:2)
  2 Tzitzimimeh (Depths:2)
  Rupert (D:12)
  5 liches
  2 titans
  A tentacled monstrosity (Depths:4)
  A walking frostbound tome (Depths:2)
  4 deep elf blademasters (Elf:3)
  Zenata (Vaults:3)
  A walking divine tome (Depths:2)
  2 quicksilver dragons (Depths:3)
  A deep elf master archer (Elf:3)
  Asterion (Depths:2)
  Grunn (Depths:2)
  12 sphinxes
  5 ancient champions
  2 thorn hunters
  A tengu reaver (Depths:2)
  A draconian monk (Depths:4)
  2 fenstrider witches
  Gastronok (Lair:3)
  4 revenants
  A shadow dragon (Depths:3)
  7 frost giants
  8 fire giants
  A draconian knight (Depths:4)
  7 deep elf sorcerers
  9 vault wardens
  A balrug (Abyss:2)
  4 ghost moths
  An orc warlord (Orc:1)
  2 curse skulls (Crypt:3)
  Louise (Swamp:3)
  18 ghouls
  4 emperor scorpions
  20 ironbound preservers
  3 deep elf elementalists (Elf:3)
  5 very ugly things
  5 broodmothers
  3 spriggan defenders (Depths:2)
  2 war gargoyles (Vaults:3)
  3 green draconians (Depths:4)
  6 formless jellyfish
  12 stone giants
  A draconian annihilator (Depths:4)
  A caustic shrike skeleton (Depths:2)
  2 bennus (Tomb:2)
  9 vampire knights
  8 ironbound thunderhulks
  7 eleionomae
  A putrid mouth (Depths:2)
  5 bunyips
  A yellow draconian (Depths:4)
  17 dire elephants
  8 deep elf annihilators
  2 purple draconians (Depths:4)
  3 deep elf demonologists
  8 spark wasps
  A blizzard demon (Depths:4)
  6 deep elf death magi
  13 eidola
  9 ettins
  7 jiangshi
  10 mummy priests
  A merfolk javelineer (Depths:3)
  5 yaktaur captains
  A quicksilver dragon zombie (Crypt:3)
  Josephine (Orc:2)
  Fannar (Lair:3)
  5 deep elf high priests
  9 fire dragons
  12 entropy weavers
  Erolcha (D:12)
  4 rakshasas
  20 hydras
  2 peacekeepers (Vaults:3)
  3 spriggan zombies
  An anaconda (shapeshifter) (Depths:2)
  6 vault guards
  10 ice dragons
  9 spriggan air magi
  3 great orbs of eyes
  A ghost crab (Swamp:4)
  11 ironbound frosthearts
  An azure jelly zombie (Crypt:2)
  4 radroaches
  3 two-headed ogres
  2 jorogumos
  16 dancing weapons
  4 deep troll shamans
  10 boulder beetles
  9 death knights
  5 death yaks
  15 centaur warriors
  8 alligators
  10 vampire magi
  2 death scarabs (Tomb:2)
  Urug (D:10)
  8 deep troll earth magi
  3 orc high priests
  7 tengu warriors
  5 spriggan berserkers
  7 hell knights
  13 spriggans
  10 demonic crawlers
  A titan zombie (Depths:2)
  3 thrashing horrors (Abyss:2)
  A soul eater (Crypt:2)
  Sonja (Orc:2)
  20 deep elf knights
  21 skeletal warriors
  Lodul (D:12)
  A storm dragon zombie (Crypt:3)
  A wretched star (Abyss:2)
  7 goliath frogs
  A skyshark (Lair:5)
  3 pharaoh ants
  An anaconda zombie (Crypt:3)
  4 iron trolls
  A shadow wraith (Vaults:3)
  A storm dragon skeleton (Crypt:2)
  A sixfirhy (Depths:4)
  2 flayed ghosts (Crypt:3)
  4 sun moths
  6 bunyip zombies
  A spriggan druid (Swamp:4)
  6 glowing orange brains
  61 deep trolls
  A deep troll (shapeshifter) (D:15)
  11 wizards
  11 swamp dragons
  7 orb spiders
  9 steelbarb worms
  14 deep elf archers
  21 phantasmal warriors
  14 deep elf zephyrmancers
  4 necromancers
  An orange crystal statue (Depths:1)
  13 ironbound convokers
  Pikel (D:5)
  A golden dragon skeleton (Crypt:1)
  6 bog bodies
  6 lindwurms
  8 orc knights
  26 deep elf pyromancers
  A broodmother zombie (Crypt:1)
  6 harpies
  A stone giant zombie (Crypt:3)
  6 cyclopes
  A will-o-the-wisp (Swamp:4)
  A moth of wrath (shapeshifter) (Depths:4)
  4 orc sorcerers
  13 wolf spiders
  A manticore (D:13)
  29 ugly things
  5 moths of wrath
  13 vault sentinels
  9 elephants
  A smoke demon (Abyss:2)
  A centaur zombie (Crypt:3)
  8 black mambas
  5 torpor snails
  3 orange demons
  2 molten gargoyles (Lair:5)
  14 cane toads
  A gargoyle (D:11)
  A shock serpent skeleton (Crypt:2)
  4 rime drakes
  2 unseen horrors
  11 komodo dragons
  2 efreet
  6 kobold demonologists (D:12)
  16 freezing wraiths
  2 tengu conjurers
  17 yaktaurs
  2 ancient zymes (Abyss:2)
  A green draconian skeleton (Crypt:2)
  A spectral human (Depths:3)
  14 trolls
  A merfolk (D:15)
  2 harpy zombies (Crypt:3)
  A tormentor (Depths:2)
  12 guardian mummies
  A hellwing (Depths:4)
  2 large abominations (Abyss:2)
  A minotaur skeleton (Crypt:1)
  11 tyrant leeches
  A troll (shapeshifter) (D:14)
  8 saltlings (Orc:2)
  4 polar bears
  7 meliai
  15 hornets
  A guardian serpent zombie (Crypt:1)
  33 tarantellas
  11 blink frogs
  6 dream sheep
  A raiju (Abyss:2)
  30 slime creatures
  4 air elementals
  4 flying skulls (Tomb:2)
  11 jumping spiders
  Sigmund (D:6)
  36 culicivoras
  A vampire (D:11)
  15 wraiths
  2 shadows (D:11)
  4 ushabtiu
  6 water elementals
  An ettin skeleton (Abyss:2)
  51 yaks
  A human (shapeshifter) (D:15)
  7 wyverns
  4 fire elementals
  2 steam dragons
  8 basilisks
  18 vampire mosquitoes
  A chaos spawn (Abyss:2)
  Menkaure (D:6)
  85 redbacks
  2 wargs
  Duvessa (D:5)
  11 swamp worms
  19 water moccasins
  4 hell hounds (Lair:5)
  A floating eye (Depths:2)
  5 sky beasts
  A two-headed ogre skeleton (Crypt:2)
  9 swamp drakes
  A glowing shapeshifter skeleton (Depths:2)
  27 orc warriors
  A swamp dragon zombie (Crypt:3)
  An ice beast (D:6)
  19 ogres
  5 boggarts (Vaults:3)
  9 centaurs
  An elephant skeleton (Crypt:2)
  2 phantoms (Crypt:3)
  Blork the orc (D:6)
  5 kobold brigands
  13 necrophages (Crypt:3)
  7 bullfrogs
  A glowing shapeshifter simulacrum (Depths:2)
  A salamander skeleton (Crypt:1)
  An earth elemental (Elf:1)
  5 scorpions (D:6)
  6 small abominations (Abyss:2)
  8 wyvern skeletons
  7 wights
  Dowan (D:5)
  A polar bear zombie (Crypt:2)
  15 killer bees
  A howler monkey (D:9)
  2 electric eels
  5 lava snakes (Lair:5)
  2 hounds
  16 orc priests
  2 iron imps (Abyss:2)
  3 gnoll boudas
  2 starcursed masses (Abyss:2)
  4 iguanas
  3 sleepcaps
  12 orc wizards
  5 hell rats
  An ogre zombie (Crypt:1)
  A deep dwarf skeleton (Crypt:2)
  26 mummies
  9 gnolls (D:7)
  7 adders
  A steam dragon skeleton (Crypt:2)
  2 white imps
  An ufetubus (D:5)
  A lava snake zombie (Crypt:1)
  7 dart slugs
  61 orcs
  10 ball pythons
  6 endoplasms
  5 giant cockroaches
  A gnoll zombie (Crypt:2)
  6 hobgoblins
  A jackal (D:3)
  2 quokkas
  7 bats
  3 frilled lizards (D:2)
  10 goblins
  A goblin skeleton (Crypt:2)
  33 kobolds
  6 rats
1929 creatures vanquished.

Vanquished Creatures (collateral kills)
  A fire giant (Depths:2)
  A stone giant (Depths:2)
  2 reapers (Depths:2)
  A spark wasp (Spider:4)
  A deep troll shaman (Depths:2)
  A deep troll earth mage (Depths:2)
  A pharaoh ant (Spider:4)
  A steelbarb worm (Spider:4)
  A wolf spider (Spider:4)
  A cyclops (D:11)
  A meliai (Spider:4)
  2 hornets (Depths:2)
  3 spriggans (Depths:2)
  A killer bee (D:11)
18 creatures vanquished.

Vanquished Creatures (others)
  2 deep elf zephyrmancers
  3 bloated husks
  A centaur simulacrum (D:11)
  A swamp drake (Swamp:4)
  An orc wizard (Elf:1)
  4 foxfires (Swamp:4)
  A starspawn tentacle (Abyss:2)
13 creatures vanquished.

Grand Total: 1960 creatures vanquished

Notes
Turn   | Place    | Note
-------+----------+-------------------------------------------
     0 | D:1      | Midn8 the Draconian Berserker began the quest for the Orb.
     0 | D:1      | Reached XP level 1. HP: 19/19 MP: 1/1
   159 | D:1      | Reached XP level 2. HP: 23/26 MP: 2/2
   296 | D:1      | Reached skill level 1 in Unarmed Combat
   779 | D:2      | Reached XP level 3. HP: 31/31 MP: 3/3
   781 | D:2      | Reached ** piety under Trog
   966 | D:2      | Found a faded altar of an unknown god.
  1186 | D:2      | Reached XP level 4. HP: 38/38 MP: 4/4
  1891 | D:3      | Found a hide-covered altar of Uskayaw.
  1939 | D:3      | Found a snail-covered altar of Cheibriados.
  1940 | D:3      | Found a bloodstained altar of Trog.
  1940 | D:3      | Found a sacrificial altar of Ru.
  2184 | D:3      | Reached *** piety under Trog
  2522 | D:4      | Found a burning altar of Makhleb.
  2544 | D:4      | Reached XP level 5. HP: 27/45 MP: 5/5
  2609 | D:4      | Found a runed translucent door.
  2610 | D:4      | Noticed Nietzsche's ghost (amateur DsGl)
  2647 | D:4      | Found a staircase to the Ecumenical Temple.
  3304 | D:5      | Entered Level 5 of the Dungeon
  3389 | D:5      | Reached skill level 5 in Unarmed Combat
  3396 | D:5      | Noticed a lemure
  3396 | D:5      | Noticed a lemure
  3396 | D:5      | Noticed a lemure
  3397 | D:5      | Noticed Pikel
  3412 | D:5      | Noticed a lemure
  3422 | D:5      | Killed Pikel
  3423 | D:5      | Reached skill level 4 in Fighting
  3423 | D:5      | Reached XP level 6. HP: 22/52 MP: 6/6
  3423 | D:5      | Your scales start taking on a glossy black colour.
  3423 | D:5      | Reached XP level 7. HP: 25/59 MP: 7/7
  3423 | D:5      | Gained mutation: You are resistant to electric shocks.
                  | (rElec) [Black Draconian growth]
  4119 | D:5      | Noticed Duvessa
  4119 | D:5      | Noticed Dowan
  4141 | D:5      | Killed Duvessa
  4150 | D:5      | Killed Dowan
  4281 | D:6      | Reached skill level 5 in Fighting
  4322 | D:6      | Reached XP level 8. HP: 56/70 MP: 8/8
  4454 | D:6      | Noticed Sigmund
  4466 | D:6      | Killed Sigmund
  4467 | D:6      | Reached skill level 6 in Fighting
  4607 | D:6      | Noticed Blork the orc
  4617 | D:6      | Killed Blork the orc
  4828 | D:6      | Noticed Menkaure
  4836 | D:6      | Killed Menkaure
  4837 | D:6      | Reached skill level 10 in Unarmed Combat
  5013 | D:6      | Reached skill level 7 in Fighting
  5013 | D:6      | Reached XP level 9. HP: 79/79 MP: 9/9
  5195 | D:7      | Noticed a troll
  5219 | D:7      | Killed a troll
  5220 | D:7      | Reached skill level 8 in Fighting
  5717 | D:7      | Reached skill level 5 in Dodging
  6258 | D:8      | Identified a scroll of acquirement
  6258 | D:8      | Acquired the +2 hat of the Lair of Beasts {Rampage rElec}
  6314 | D:7      | Reached **** piety under Trog
  6469 | D:8      | Reached XP level 10. HP: 84/88 MP: 10/10
  6751 | D:8      | Found Viulush's Jewellery Boutique.
  7170 | D:9      | Reached skill level 9 in Fighting
  7439 | D:9      | Acquired a manual of Fighting
  7645 | D:9      | Reached ***** piety under Trog
  7646 | D:9      | Reached skill level 10 in Fighting
  7959 | D:9      | Acquired a manual of Unarmed Combat
  8032 | D:10     | Entered Level 10 of the Dungeon
  8162 | D:10     | Noticed Urug
  8175 | D:10     | Killed Urug
  8552 | D:10     | Reached XP level 11. HP: 60/100 MP: 11/11
  8932 | D:10     | Found a sparkling altar of Nemelex Xobeh.
  9095 | D:11     | Found a broken altar of Ashenzari.
  9116 | D:11     | Noticed a two-headed ogre
  9136 | D:11     | Killed a two-headed ogre
  9137 | D:11     | Reached skill level 15 in Unarmed Combat
  9212 | D:11     | Reached skill level 11 in Fighting
  9466 | D:11     | Noticed a boulder beetle
  9485 | D:11     | Killed a boulder beetle
  9614 | D:11     | Reached skill level 12 in Fighting
  9660 | D:11     | Reached skill level 13 in Fighting
  9674 | D:11     | Found a staircase to the Lair.
 10469 | D:11     | Noticed a centaur warrior
 10660 | D:11     | Noticed a boulder beetle
 10697 | D:11     | Killed a centaur warrior
 10698 | D:11     | Reached skill level 14 in Fighting
 10747 | D:11     | Noticed a tengu warrior
 10764 | D:11     | Killed a tengu warrior
 10768 | D:11     | Reached skill level 15 in Fighting
 10914 | D:11     | Killed a boulder beetle
 10915 | D:11     | Reached XP level 12. HP: 81/122 MP: 12/12
 11218 | Lair:1   | Entered Level 1 of the Lair of Beasts
 11230 | Lair:1   | Reached skill level 16 in Fighting
 12512 | Lair:2   | Found a staircase to the Swamp.
 12889 | Lair:2   | Found a hole to the Spider Nest.
 13220 | Lair:3   | Noticed Fannar
 13276 | Lair:3   | Noticed Gastronok
 13383 | Lair:3   | Killed Gastronok
 13611 | Lair:3   | Killed Fannar
 13750 | Lair:3   | Reached XP level 13. HP: 130/130 MP: 13/13
 14942 | Lair:4   | Reached skill level 1 in Shapeshifting
 15057 | Lair:4   | Found a staircase to the Slime Pits.
 15058 | Lair:4   | Found a viscous altar of Jiyva.
 15791 | Lair:4   | Reached skill level 5 in Shapeshifting
 15930 | Lair:5   | Entered Level 5 of the Lair of Beasts
 16581 | Lair:5   | Gained mutation: Your large and strong wings let you fly.
                  | [Black Draconian growth]
 16581 | Lair:5   | Reached XP level 14. HP: 113/138 MP: 14/14
 17047 | Lair:5   | Found a large runed translucent door.
 17047 | Lair:5   | Found a large runed translucent door.
 17566 | Lair:5   | Reached skill level 10 in Shapeshifting
 17933 | D:12     | Noticed Lodul
 17949 | D:12     | Killed Lodul
 17952 | D:12     | Noticed Rupert
 17966 | D:12     | Killed Rupert
 18179 | D:12     | Found a staircase to the Orcish Mines.
 18190 | D:12     | Reached ****** piety under Trog
 18199 | D:12     | Received a gift from Trog
 18259 | D:12     | Noticed Erolcha
 18286 | D:12     | Killed Erolcha
 18591 | D:12     | Identified the +4 morningstar of the Volcano {flame, Str+3
                  | Int+3 Dex-4}
 18857 | D:12     | Identified the +1 orcbow of the Purse {heavy, rC+ Str-3
                  | Int+10}
 18901 | Orc:1    | Entered Level 1 of the Orcish Mines
 19174 | Orc:1    | Noticed an orc warlord
 19187 | Orc:1    | Killed an orc warlord
 19193 | Orc:1    | Gained mutation: You occasionally lose the ability to read
                  | scrolls when taking damage. [a neqoxec]
 19221 | Orc:1    | Lost mutation: You occasionally lose the ability to read
                  | scrolls when taking damage. [potion of mutation]
 19221 | Orc:1    | Gained mutation: Your body sometimes deteriorates upon
                  | taking damage. [potion of mutation]
 19222 | Orc:1    | Lost mutation: Your body sometimes deteriorates upon taking
                  | damage. [potion of mutation]
 19222 | Orc:1    | Gained mutation: You passively dampen the noise of your
                  | surroundings. [potion of mutation]
 19222 | Orc:1    | Gained mutation: Your mind is acute. (Int +4, Str/Dex -1)
                  | [potion of mutation]
 19371 | Orc:2    | Entered Level 2 of the Orcish Mines
 19501 | Orc:2    | Noticed Josephine
 19511 | Orc:2    | Killed Josephine
 19596 | Orc:2    | Found a bloodstained altar of Trog.
 19599 | Orc:2    | Noticed AwFulAwFulPlayer's ghost (journeyman TrMo)
 19604 | Orc:2    | Found a transporter.
 19607 | Orc:2    | Noticed an orc warlord
 19653 | Orc:2    | Found a transporter.
 19689 | Orc:2    | Found Meanae's Antique Armour Shoppe.
 19697 | Orc:2    | Received a gift from Trog
 19802 | Orc:2    | Found Ahuumein's Weapon Boutique.
 19863 | Orc:2    | Reached XP level 15. HP: 144/145 MP: 15/15
 19919 | Orc:2    | Found Verreuni's Distillery.
 19921 | Orc:2    | Found Qewyany's General Store.
 19931 | Orc:2    | Bought a potion of curing for 45 gold pieces
 19931 | Orc:2    | Bought a potion of curing for 45 gold pieces
 19931 | Orc:2    | Bought a potion of curing for 45 gold pieces
 20015 | Orc:2    | Found a staircase to the Elven Halls.
 20216 | Abyss:2  | Cast into level 2 of the Abyss (ettin)
 20277 | Abyss:2  | Found a runed translucent door.
 20291 | Abyss:2  | Found a runed translucent door.
 20410 | Abyss:2  | Noticed a dread lich
 20435 | Abyss:2  | Noticed a lich
 20460 | Abyss:2  | Killed a lich
 20481 | Abyss:2  | Found a corrupted altar of Lugonu.
 20538 | Abyss:2  | Found a corrupted altar of Lugonu.
 20603 | Abyss:2  | Noticed a tentacled starspawn
 20617 | Abyss:2  | Noticed an Ice Fiend
 20750 | Abyss:2  | Received a gift from Trog
 20774 | Orc:2    | Escaped the Abyss
 20859 | Orc:2    | Noticed Sonja
 20868 | Orc:2    | Killed Sonja
 21095 | D:13     | Found Fidihi Yklo's General Store.
 21142 | D:13     | Identified the amulet of Jeill {Spirit rPois Str+2 Int-4
                  | Stlth+}
 21199 | D:13     | Found a gate to the Vaults.
 22147 | D:14     | Reached skill level 15 in Shapeshifting
 22514 | D:14     | Found a glowing golden altar of the Shining One.
 22667 | D:15     | Entered Level 15 of the Dungeon
 22694 | D:15     | Paralysed by an air elemental for 1 turns
 22796 | D:15     | Received a gift from Trog
 22815 | D:15     | Reached skill level 10 in Dodging
 22817 | D:15     | Found a staircase to the Depths.
 22922 | D:15     | Found an ornate altar of the Wu Jian Council.
 23528 | Spider:1 | Entered Level 1 of the Spider Nest
 23612 | Spider:1 | Reached XP level 16. HP: 152/152 MP: 16/16
 23785 | Spider:1 | Received a gift from Trog
 23891 | Spider:1 | Reached skill level 1 in Throwing
 24122 | Spider:1 | Identified the +7 flail "Sunurok" {antimagic, rN+ Str+3
                  | Dex-4}
 24650 | Spider:2 | Reached skill level 5 in Throwing
 24900 | Spider:2 | Received a gift from Trog
 24912 | Spider:2 | Reached skill level 17 in Fighting
 25376 | Spider:3 | Reached skill level 1 in Evocations
 25709 | Spider:3 | Reached skill level 5 in Evocations
 26080 | Spider:4 | Entered Level 4 of the Spider Nest
 26121 | Spider:4 | Identified the +4 executioner's axe "Xicuczyn" {heavy,
                  | *Rage rF+ Will+ Str+7} (Trog gifted it to you on level 4 of
                  | the Spider Nest)
 26121 | Spider:4 | Received a gift from Trog
 26234 | Spider:4 | Reached XP level 17. HP: 161/161 MP: 17/17
 26238 | Spider:4 | Identified the ring "Tomag" {EV+5 Dex+6}
 26443 | Spider:4 | Reached skill level 18 in Fighting
 26928 | Spider:4 | Reached skill level 19 in Fighting
 27225 | Spider:4 | Got a gossamer rune of Zot
 27391 | Swamp:1  | Entered Level 1 of the Swamp
 27894 | Swamp:1  | Received a gift from Trog
 28605 | Swamp:3  | Noticed Mara
 28730 | Swamp:3  | Noticed Midn8's illusion
 28735 | Swamp:3  | Killed Mara
 28886 | Swamp:3  | Identified the +0 tower shield "Cohiam" {rPois}
 28886 | Swamp:3  | Noticed Louise
 28894 | Swamp:3  | Killed Louise
 29038 | Swamp:3  | Paralysed by a fenstrider witch for 3 turns
 29091 | Swamp:3  | Reached XP level 18. HP: 176/176 MP: 18/18
 29170 | Swamp:4  | Entered Level 4 of the Swamp
 29176 | Swamp:4  | Found an iron altar of Okawaru.
 29182 | Swamp:4  | Received a gift from Trog
 29472 | Swamp:4  | Paralysed by a fenstrider witch for 5 turns
 29558 | Swamp:4  | Reached skill level 10 in Throwing
 29658 | Swamp:4  | Got a decaying rune of Zot
 30159 | Vaults:1 | Entered Level 1 of the Vaults
 30500 | Vaults:1 | Received a gift from Trog
 30523 | Vaults:1 | Found a transporter.
 30523 | Vaults:1 | Found the ring of the Tortoise {AC+8}
 30535 | Vaults:1 | Found a transporter.
 31558 | Vaults:2 | Received a gift from Trog
 31596 | Vaults:2 | Reached XP level 19. HP: 182/182 MP: 19/19
 32006 | Vaults:2 | Reached skill level 20 in Fighting
 32561 | Vaults:3 | Found Agaenior's Armour Shoppe.
 32626 | Vaults:3 | Reached skill level 21 in Fighting
 32756 | Vaults:3 | Noticed Zenata
 32763 | Vaults:3 | Killed Zenata
 32960 | Vaults:3 | Noticed Frederick
 32971 | Vaults:3 | Killed Frederick
 33141 | Vaults:3 | Found a staircase to the Crypt.
 33314 | Vaults:3 | Received a gift from Trog
 33353 | Vaults:3 | Noticed Jory
 33363 | Vaults:3 | Killed Jory
 33407 | Vaults:3 | Reached skill level 10 in Evocations
 33593 | Vaults:4 | Reached XP level 20. HP: 198/198 MP: 20/20
 33745 | Vaults:4 | Received a gift from Trog
 33804 | Vaults:4 | Reached skill level 22 in Fighting
 34443 | Vaults:4 | Reached skill level 23 in Fighting
 34688 | Vaults:4 | Noticed Xtahua
 34695 | Vaults:4 | Killed Xtahua
 34860 | Crypt:1  | Entered Level 1 of the Crypt
 35131 | Crypt:1  | Received a gift from Trog
 35623 | Crypt:2  | Found a basalt altar of Yredelemnul.
 35689 | Crypt:2  | Reached skill level 15 in Dodging
 35796 | Crypt:2  | Received a gift from Trog
 35817 | Crypt:2  | Reached XP level 21. HP: 211/211 MP: 21/21
 36482 | Crypt:3  | Entered Level 3 of the Crypt
 36884 | Crypt:3  | Received a gift from Trog
 36956 | Crypt:3  | Found a basalt altar of Yredelemnul.
 37131 | Crypt:3  | Noticed a profane servitor
 37140 | Crypt:3  | Killed a profane servitor
 37216 | Crypt:3  | Reached skill level 24 in Fighting
 37268 | Crypt:3  | Received a gift from Trog
 37386 | Crypt:3  | Found a staircase to the Tomb.
 37952 | Crypt:3  | Identified the +7 spear of the Blue Skies {flame, rPois
                  | MP+9 Dex+4}
 38200 | Crypt:3  | Upgraded the game from 0.31-a0-271-gb88eb75e06 to
                  | 0.31-a0-277-g31ea1f65cc
 38559 | Depths:1 | Entered Level 1 of the Depths
 38754 | Depths:1 | Received a gift from Trog
 38981 | Depths:1 | Found a gateway to Hell.
 39251 | Depths:2 | Identified the +1 robe "Damnable Contraption" {Will+ Str+3
                  | Dex-2}
 39354 | Depths:2 | Found a runed translucent door.
 39355 | Depths:2 | Noticed Ahineos's ghost (veteran OpSh)
 39423 | Depths:2 | Reached XP level 22. HP: 224/224 MP: 22/22
 39594 | Depths:2 | Noticed Grunn
 39607 | Depths:2 | Killed Grunn
 39628 | Depths:2 | Received a gift from Trog
 39868 | Depths:2 | Noticed Asterion
 39878 | Depths:2 | Killed Asterion
 40147 | Depths:2 | Received a gift from Trog
 40152 | Depths:2 | Found a one-way gate to the infinite horrors of the Abyss.
 40247 | Depths:2 | Found a one-way gate leading to the halls of Pandemonium.
 40366 | Depths:2 | Reached skill level 15 in Throwing
 40875 | Depths:3 | Noticed a juggernaut
 40881 | Depths:3 | Killed a juggernaut
 41277 | Depths:3 | You are sucked into a shaft and drop 1 floor!
 41277 | Depths:4 | Entered Level 4 of the Depths
 41400 | Depths:3 | Found a hazy altar of Hepliaklqana.
 41472 | Depths:3 | Found Rapiger's Antique Weapon Boutique.
 41796 | Depths:4 | Found Odonaneu's Armour Emporium.
 41923 | Depths:4 | Reached skill level 25 in Fighting
 41998 | Depths:4 | Found Tout Lun's Armour Shoppe.
 42147 | Depths:4 | Reached XP level 23. HP: 234/234 MP: 23/23
 42158 | Depths:4 | Found a one-way gateway to a ziggurat.
 42158 | Depths:4 | Noticed a juggernaut
 42168 | Depths:4 | Killed a juggernaut
 42252 | Depths:4 | Found a shimmering altar of Xom.
 42280 | Depths:4 | Found Feaplao's Book Shoppe.
 42367 | Depths:4 | Found Kiwaci's Distillery.
 42404 | Depths:4 | Received a gift from Trog
 42555 | Depths:4 | Found a gate to the Realm of Zot.
 42898 | Elf:1    | Entered Level 1 of the Elven Halls
 42898 | Elf:1    | You are sucked into a shaft and drop 1 floor!
 42977 | Elf:2    | Paralysed by an air elemental for 1 turns
 43247 | Elf:1    | Received a gift from Trog
 43668 | Elf:1    | Paralysed by an air elemental for 1 turns
 43940 | Elf:2    | Received a gift from Trog
 44024 | Elf:2    | Found a runed translucent gate.
 44025 | Elf:2    | Found a runed translucent gate.
 44025 | Elf:2    | Found a runed translucent gate.
 44125 | Elf:3    | Entered Level 3 of the Elven Halls
 45161 | Elf:3    | Identified the staff of Forgiveness {rC+ Will+ Str+4 Ice}
 45245 | Elf:3    | Identified the ring of Etag {rPois MP+9 Dex-4 Stlth+}
 45250 | Elf:3    | Identified the +8 chain mail "Mueturch" {*Corrode Int+5}
 46420 | Tomb:1   | Entered Level 1 of the Tomb of the Ancients
 46437 | Tomb:1   | Noticed a royal mummy
 46624 | Tomb:1   | Received a gift from Trog
 46774 | Tomb:1   | Noticed a royal mummy
 46777 | Tomb:1   | Noticed a royal mummy
 46787 | Tomb:1   | Killed a royal mummy
 46788 | Tomb:1   | Reached XP level 24. HP: 75/243 MP: 23/23
 47314 | Tomb:1   | Gained mutation: Your body sometimes deteriorates upon
                  | taking damage. [mutagenic glow]
 47339 | Tomb:1   | Gained mutation: You are clumsy. (Dex -2) [mutagenic glow]
 47424 | Tomb:1   | Killed a royal mummy
 47425 | Tomb:1   | Reached skill level 26 in Fighting
 47767 | Tomb:2   | Received a gift from Trog
 47772 | Tomb:2   | Noticed a royal mummy
 47773 | Tomb:2   | HP: 17/354 [flying skull (7)]
 47776 | Tomb:2   | Noticed a royal mummy
 47779 | Tomb:2   | HP: 10/354 [royal mummy/divine providence (11)]
 47780 | Tomb:2   | Noticed a royal mummy
 47780 | Tomb:2   | Killed from afar by a royal mummy

Illustrated notes

Levels and vault maps discovered:
D:1:      ebering_hopf_link, layout_loops_ring
D:2:      layout_basic, hellmonk_ecumenical_altar_crossroads, minmay_circle_x
D:3:      layout_loops_ring, gammafunk_temple_overflow_forgotten,
          nicolae_uskayaw_dance_hall, kennysheep_decorative_pillar,
          kennysheep_generic_room_5
D:4:      layout_basic, makhleb_heckhound_becter, minmay_temple_entry_hall,
          hellmonk_ghost_happy_afterlife
D:5:      layout_basic, uniq_pikel, uniq_duvessa
D:6:      layout_basic, uniq_menkaure, uniq_blork_the_orc, uniq_sigmund
D:7:      layout_basic, kennysheep_generic_room_11
D:8:      layout_rooms, serial_shops, shop, dreamdust_gnoll_shepherd
D:9:      layout_basic, minivault_21
D:10:     layout_basic, lemuel_doored_altar, uniq_urug
D:11:     minmay_chambers_of_sevens, layout_long_grid, minmay_lair_entry_grove,
          ashenzari_altar_1
D:12:     layout_basic, erik_orc_4, uniq_lodul, uniq_rupert, uniq_erolcha
D:13:     layout_basic, erik_vaults_1, serial_shops, shop
D:14:     layout_loops_ring, nicolae_tso_swordbearing_angel
D:15:     hangedman_depths_entry_try_elsewhere_first, layout_irregular_city,
          nzn_wu_jian_council_hall, dreamdust_looks_like_rain
Lair:1:   layout_regular_city, nicolae_lair_grazing_beasts
          [nicolae_sub_lair_graze_edge, nicolae_sub_lair_graze_edge,
          nicolae_sub_lair_graze_edge, nicolae_sub_lair_graze_edge],
          infiniplex_staircase_pool, lemuel_fruit_tree
Lair:2:   layout_loops_ring, minmay_swamp_entry_swarm,
          hellmonk_spider_entry_life_and_decay
Lair:3:   layout_gridlike, wad_woods_road_05, infiniplex_staircase_pool_2,
          uniq_gastronok, uniq_fannar
Lair:4:   layout_cave_pods, slime_entry_1
Lair:5:   cheibrodos_lair_end_hotspot, layout_regular_city,
          portal_ice_cave_entry_pillars_2, minmay_hedge_maze
Swamp:1:  layout_basic_swamp, nicolae_swamp_little_swirl
Swamp:2:  layout_falls_marsh, nicolae_swamp_fairy_circle, swamp_pool1,
          water_boxes_lemuel
Swamp:3:  layout_basic_swamp, evilmike_swamp_ruin_house_5, uniq_mara,
          uniq_louise
Swamp:4:  swamp, layout_basic_swamp, swamp_pool4, lemuel_altar_in_water
Spider:1: layout_spider_delve, hangedman_spider_tarantella_strand
Spider:2: layout_spider_delve, nicolae_spider_spiderdrome
Spider:3: layout_spider_delve
Spider:4: hellmonk_spider_rune_bug_friends, nicolae_spider_some_kinda_spiderbox
Orc:1:    layout_caves, basic_altar
Orc:2:    hellmonk_orc_salted, layout_caves, gammafunk_ghost_wrathful_warriors,
          uniq_josephine, uniq_sonja
Elf:1:    eino_elf_arrival_sip, layout_loops_ring,
          kennysheep_underground_church, dk_noncrumbling_2,
          minmay_misc_feat_cross, grunt_megastairs_3
Elf:2:    nicolae_elf_blades_crystal_corner, layout_geoelf_octagon,
          hangedman_elven_ridges, drop_trap
Elf:3:    minmay_elf_hall_quartered_circle, layout_geoelf_castle, minivault_24
Vaults:1: nicolae_vaults_trapezoid_lopsided_1, hangedman_vaults_hat,
          nicolae_vaults_closet_pinwheel_4, hangedman_vaults_corner, v_misc_2,
          gammafunk_sealed_arena, nicolae_vaults_mitosis,
          nicolae_vaults_frosty_reception, vaults_dpeg_cross,
          nicolae_vaults_double_plus_2, ontoclasm_vaults_decontamination,
          grunt_vaults_hallway_long, vaults_room_semicircle, layout_vaults_ring
Vaults:2: nicolae_vaults_trapezoid_lopsided_2, hangedman_vaults_pinch,
          vaults_room_semicircle, nicolae_vaults_c_with_doors,
          nicolae_vaults_mini_display_case, nicolae_vaults_rhombus_7,
          nicolae_vaults_double_plus_1, layout_vaults_omnigrid
Vaults:3: vaults_room_fours, hangedman_vaults_locks, blue_anna_dwarven_crypt,
          nicolae_vaults_turnstiles, dpeg_vaults_monster_box, st_hourglassy,
          nicolae_vaults_trapezoid_lopsided_2, vaults_mumra_minichess,
          nicolae_vaults_taking_the_gang_shopping, v_misc_8, v_misc_14,
          nicolae_vaults_double_plus_1, ontoclasm_vaults_fault,
          nicolae_vaults_diamond_1, layout_vaults_maze, uniq_zenata, uniq_jory,
          uniq_frederick
Vaults:4: hangedman_vaults_cutoff, nicolae_vaults_cochlea, v_misc_3,
          ontoclasm_vaults_spin, nicolae_vaults_halls_meeting,
          ontoclasm_vaults_eye, hangedman_vaults_slice, grunt_vaults_funnel,
          hangedman_vaults_stretched_pinwheel,
          nicolae_vaults_offset_grid_hallway_3, layout_vaults_omnicross,
          uniq_xtahua
Crypt:1:  layout_rooms, evilmike_ambush [evilmike_ambush_outer_basic,
          evilmike_ambush_inner_cross], grunt_crypt_arrival_webbed
Crypt:2:  layout_basic, basic_altar, minivault_26, hex_intersection
Crypt:3:  evilmike_haunted_forest
Tomb:1
Tomb:2
Depths:1: layout_big_octagon, chequers_serial_rivers_micro_d,
          pf_hell_entry_tar_spiral, minmay_misc_feat_roman,
          hangedman_decor_push, minivault_15, drop_trap, item_on_display_a,
          nicolae_triple_integral
Depths:2: minmay_quarter_circles, layout_gridlike,
          pf_vacation_house_of_asmodeus, muffindrake_ghost_three_little_ghosts,
          pan_entry, minmay_misc_feat_four_crosses, abyss_entry, minivault_1,
          kennysheep_inner_square, serial_bayou_shore_b, uniq_asterion,
          uniq_grunn
Depths:3: minmay_containers, layout_basic, kennysheep_minor_cross, hell_entry,
          abyss_entry_small_statue_room, serial_shops, nicolae_shop_statue_plus,
          nicolae_hepliaklqana_monster_ancestors,
          minmay_staircase_windowed_large
Depths:4: grunt_zot_entry_funnels, layout_long_grid, enter_ziggurat_b,
          abyss_entry, hell_entry, serial_shops, shop, nicolae_square_shop,
          nicolae_shop_trees, nicolae_shop_back_alley_shop, xom_teletrap_fun,
          rand_demon_pan_entry_7, hangedman_decor_clover_reticule

Skill      XL: |  1  2  3  4  5  6  7  8  9 10 11 12 13 14 15 16 17 18 19 20 21 22 23 24 |
---------------+-------------------------------------------------------------------------+-----
Unarmed Combat | 2 3 4 7 8 10 11 14 17 18 19 21 22 25 | 25.3
Fighting       | 4 5 7 8 10 15 16 17 19 21 23 24 25 26 | 26.4
Dodging        | 6 9 11 14 15 16 | 16.0
Shapeshifting  | 8 12 15 | 15.0
Throwing       | 6 7 10 12 16 | 16.0
Evocations     | 6 10 | 10.0
Long Blades    | |  3.5

Action                     |  1- 3 |  4- 6 |  7- 9 | 10-12 | 13-15 | 16-18 | 19-21 | 22-24 || total
---------------------------+-------+-------+-------+-------+-------+-------+-------+-------++-------
  Melee: Falchion          |   134 |   159 |       |       |       |       |       |       ||   293
         Tailslap          |    11 |    24 |    36 |   111 |   206 |   227 |   343 |   206 ||  1164
         Punch             |       |     4 |    21 |    60 |   148 |    74 |       |       ||   307
         Unarmed           |       |       |   267 |   660 |  1117 |  1127 |  1331 |   919 ||  5421
  Throw: Dart              |       |       |       |       |       |    37 |       |     3 ||    40
         Boomerang         |       |       |       |       |       |     2 |       |    14 ||    16
         Javelin           |       |       |       |       |       |       |     2 |     2 ||     4
 Invoke: Berserk           |       |     1 |     4 |     7 |     8 |       |     2 |       ||    22
         Trog's Hand       |       |       |     1 |     7 |     7 |     8 |     3 |    12 ||    38
         Brothers in Arms  |       |       |       |     1 |       |     1 |       |     1 ||     3
Ability: Breathe Lightning |       |       |     4 |     5 |     6 |       |       |       ||    15
         Begin Untransform |       |       |       |       |       |       |       |     1 ||     1
  Evoke: Wand              |       |       |       |       |     7 |     1 |     2 |     5 ||    15
         Condenser vane    |       |       |       |       |       |     1 |     1 |     1 ||     3
    Use: Scroll            |     5 |     3 |     6 |    11 |     7 |     6 |     1 |     9 ||    48
         Potion            |       |       |       |     2 |     2 |     1 |     3 |     7 ||    15
   Stab: Sleeping          |     1 |     1 |       |     1 |     2 |     2 |       |       ||     7
         Distracted        |       |       |     1 |     1 |     2 |     1 |     1 |     1 ||     7
         Confused          |       |       |       |       |       |     2 |       |       ||     2
 Armour: Skin              |    51 |    53 |    84 |   178 |   430 |   742 |   350 |   319 ||  2207
  Dodge: Dodged            |    83 |    85 |   109 |   304 |   717 |  2287 |  1916 |  1126 ||  6627
  Block: Other             |       |    19 |    56 |   101 |    37 |       |       |       ||   213
         Reflection        |       |       |     2 |     2 |       |       |       |       ||     4
   Form: Statue            |       |       |       |       |     3 |     2 |       |     1 ||     6
                           |       |       |       |       |     2 |     1 |       |       ||     3
         Blade             |       |       |       |       |       |     1 |       |       ||     1

Table legend: (Time is in decaauts)
 A = Elapsed time spent in this place.
 B = Non-inter-level travel time spent in this place.
 C = Inter-level travel time spent in this place.
 D = Time resting spent in this place.
 E = Time spent auto-exploring this place.
 F = Levels seen in this place.
 G = Mean time per level.
                   A        B        C        D        E       F      G
               +--------+--------+--------+--------+--------+-----+--------+
         Total |  59579 |  53821 |   5758 |   8167 |  30929 |  47 | 1267.6 |
       Dungeon |  16404 |  14863 |   1541 |   3001 |   9277 |  15 | 1093.6 |
          Lair |   6903 |   6154 |    749 |   1501 |   3266 |   5 | 1380.6 |
         Swamp |   3985 |   3611 |    374 |    430 |   2203 |   4 |  996.2 |
   Spider Nest |   5404 |   5185 |    219 |    936 |   2499 |   4 | 1351.0 |
  Orcish Mines |   2625 |   2112 |    513 |    147 |   1330 |   2 | 1312.5 |
   Elven Halls |   3949 |   3368 |    581 |    137 |   2074 |   3 | 1316.3 |
        Vaults |   7029 |   6351 |    678 |    701 |   4038 |   4 | 1757.2 |
         Crypt |   4981 |   4321 |    660 |    213 |   2877 |   3 | 1660.3 |
          Tomb |   1927 |   1799 |    128 |    458 |    235 |   2 |  963.5 |
        Depths |   5840 |   5529 |    311 |    631 |   3127 |   4 | 1460.0 |
         Abyss |    527 |    527 |      0 |     10 |      0 |   1 |  527.0 |
               +--------+--------+--------+--------+--------+-----+--------+

Top non-repeatable levels by time:
 Crypt:3: 2596 daAuts
    D:11: 2201 daAuts
Depths:2: 2051 daAuts
  Tomb:1: 1892 daAuts
   Elf:3: 1861 daAuts
   Orc:2: 1821 daAuts
Vaults:4: 1790 daAuts
Vaults:3: 1755 daAuts
Vaults:1: 1748 daAuts
Vaults:2: 1735 daAuts
Spider:4: 1712 daAuts
  Lair:5: 1632 daAuts
    D:14: 1566 daAuts
Depths:3: 1514 daAuts
  Lair:2: 1489 daAuts
